 Dungeon Sprint DCSS version 0.30-a0-772-g5528072125 (webtiles) character file.

Game seed: 15684852315522009940

2500000 rocky1 the Axe Maniac (level 17, -19/226 HPs)
             Began as an Ogre Gladiator on Feb 13, 2023.
             Demolished by a meat berserker
             ... wielding a +9 battleaxe
              (65 damage)
             ... in the Dungeon (Sprint VIII: "Arena of Blood").
             The game lasted 00:01:42 (25 turns).

rocky1 the Axe Maniac (Ogre Gladiator)                Turns: 25, Time: 00:01:43

Health: -19/226    AC:  4    Str: 28    XL:     17   Next: 68%
Magic:  17/17      EV: 17    Int:  9    God:
Gold:   0          SH:  0    Dex: 10    Spells: 16/16 levels left

rFire   . . .      SeeInvis .    l - +∞ Axe of Woe
rCold   . . .      Faith    .    (shield currently unavailable)
rNeg    . . .      Spirit   .    b - +0 robe
rPois   .          Reflect  .    c - +0 hat
rElec   .          Harm     .    (no cloak)
rCorr   .          Rampage  .    (gloves unavailable)
Will    +....      NoTele   +    (boots unavailable)
Stlth   +                        (no amulet)
HPRegen 0.57/turn                (no ring)
MPRegen 0.15/turn                (no ring)

@: on berserk cooldown, hasted and slowed
A: large, unfitting armour, tough skin 1
a: no special abilities


You were in the Dungeon.
You visited 1 branch

Inventory:

Hand Weapons
 a - a +0 war axe
 l - the +∞ Axe of Woe (weapon)
   (You found it in the Dungeon)
Missiles
 d - 3 throwing nets (quivered)
 e - a large rock
Armour
 b - a +0 robe (worn)
 c - a +0 hat (worn)
Scrolls
 k - a scroll of blinking
Potions
 f - a potion of curing
 g - a potion of heal wounds
 i - 2 potions of magic


   Skills:
 O Level 27 Fighting
 O Level 27 Axes
 + Level 25.5 Throwing
 + Level 21.8 Armour
 + Level 23.6 Dodging


You had 16 spell levels left.
You didn't know any spells.
Your spell library was empty.

Dungeon Overview and Level Annotations

Branches:
Dungeon (1/1)

Altars:
Makhleb


Innate Abilities, Weirdness & Mutations

You are too large for most types of armour.
You have tough skin. (AC +1)


Message History

You slice the bag of meat!!
You hew the bag of meat savagely.
You kill the bag of meat!
You hear two shouts!
You hear a shout! x2
Your Throwing skill increases to level 23!
Your Dodging skill increases to level 21!
You have reached level 17!
You hear a shout! x6
The meat berserker hits you with a +9 battleaxe!!!
A bag of meat comes into view. It is wielding a +9 war axe.
You hear a shout!
Items here: )) ==.
You dice the meat berserker like an onion!!!
You butcher the meat berserker messily.
You kill the meat berserker!
You cut the bag of meat into ribbons!!!
You butcher the bag of meat messily.
You kill the bag of meat!
You slash the bag of meat!
You cleave the bag of meat in twain.
You kill the bag of meat!
You hear a shout! x3
Your Throwing skill gained 2 levels and is now at level 25!
Your Armour skill gained 2 levels and is now at level 21!
Your Dodging skill gained 2 levels and is now at level 23!
Unknown command.
You are too berserk!
You are no longer berserk.
You are exhausted.
You feel yourself slow down.
You hear a shout! x4
Things that are here:
a +9 war axe; a +30 ring of slaying; a bag of meat corpse Unknown command.
You feel yourself speed up.
You hear a shout!
The meat berserker hits you with a +9 battleaxe!!!!
* * * LOW HITPOINT WARNING * * *
You hear a shout! x8
A bag of meat comes into view. It is wielding a +9 war axe.
You hear a shout! x2
The meat berserker hits you with a +9 battleaxe!!!
You die...

................
.o.....#.#......
...oo..........#
..oo........o...
....O.o.........
.....o.o........
.......o)o......
#...).))#
#...O@).# ...
.###.....).###....
......###.).......
......_..........
...#.....#.......
...#_.<._#.......
.. #.....#......#
....._..........
......###.........


You could see a large bag of meat (inner flame), a meat berserker (berserk) and
11 bags of meat.

Vanquished Creatures
  6 ogres (D)
  11 orcs (D)
17 creatures vanquished.

Notes
Turn   | Place    | Note
-------+----------+-------------------------------------------
     0 | D        | Found the +∞ Axe of Woe
     0 | D        | rocky1 the Ogre Gladiator began the quest for the Orb.
     0 | D        | Reached XP level 1. HP: 22/22 MP: 1/1
     2 | D        | Noticed a bag of meat
     3 | D        | Noticed a meat berserker
     4 | D        | Noticed a meat berserker
     4 | D        | Noticed a bag of meat
     6 | D        | Killed a bag of meat
     6 | D        | Noticed a bag of meat
     6 | D        | Noticed a meat berserker
     6 | D        | Noticed a bag of meat
     6 | D        | Noticed a bag of meat
     6 | D        | Noticed a bag of meat
     7 | D        | Reached XP level 2. HP: 29/29 MP: 2/2
     7 | D        | Reached XP level 3. HP: 36/36 MP: 3/3
     7 | D        | Reached XP level 4. HP: 44/44 MP: 4/4
     7 | D        | Reached XP level 5. HP: 50/50 MP: 5/5
     7 | D        | Reached XP level 6. HP: 59/59 MP: 6/6
     7 | D        | Reached XP level 7. HP: 66/66 MP: 7/7
     7 | D        | Reached XP level 8. HP: 74/74 MP: 8/8
     7 | D        | Reached XP level 9. HP: 80/80 MP: 9/9
     7 | D        | Reached XP level 10. HP: 88/88 MP: 10/10
     7 | D        | Reached XP level 11. HP: 96/96 MP: 11/11
     8 | D        | Killed a meat berserker
     8 | D        | Killed a meat berserker
     9 | D        | Reached skill level 27 in Axes
     9 | D        | Reached skill level 10 in Armour
     9 | D        | Reached XP level 12. HP: 144/144 MP: 12/12
     9 | D        | Reached XP level 13. HP: 152/152 MP: 13/13
     9 | D        | Noticed a bag of meat
     9 | D        | Noticed a bag of meat
    10 | D        | Killed a meat berserker
    11 | D        | Reached XP level 14. HP: 170/170 MP: 14/14
    11 | D        | Killed a bag of meat
    12 | D        | Reached skill level 15 in Throwing
    12 | D        | Noticed a bag of meat
    12 | D        | Noticed a meat berserker
    12 | D        | Noticed a meat berserker
    13 | D        | Noticed a bag of meat
    13 | D        | Killed a bag of meat
    13 | D        | Killed a bag of meat
    13 | D        | Noticed a meat berserker
    14 | D        | Reached skill level 15 in Dodging
    14 | D        | Reached XP level 15. HP: 189/189 MP: 15/15
    16 | D        | Reached skill level 15 in Armour
    17 | D        | Noticed a large bag of meat
    17 | D        | Killed a meat berserker
    17 | D        | Noticed a meat berserker
    18 | D        | Killed a meat berserker
    19 | D        | Reached XP level 16. HP: 203/213 MP: 16/16
    20 | D        | Reached skill level 27 in Fighting
    22 | D        | Reached XP level 17. HP: 217/226 MP: 17/17
    23 | D        | Killed a meat berserker
    25 | D        | Demolished by a meat berserker

Illustrated notes

Levels and vault maps discovered:
D:        meatsprint

Skill      XL: |  1  2  3  4  5  6  7  8  9 10 11 12 13 14 15 16 17 |
---------------+----------------------------------------------------+-----
Axes           | 24 27 | 27.0
Fighting       | 16 18 21 25 27 | 27.0
Throwing       | 12 14 17 20 23 25 | 25.5
Armour         | 10 12 14 17 19 21 | 21.8
Dodging        | 11 13 15 19 21 23 | 23.6

Action                     |  1- 3 |  4- 6 |  7- 9 | 10-12 | 13-15 | 16-18 || total
---------------------------+-------+-------+-------+-------+-------+-------++-------
  Melee: Executioner's axe |     1 |       |       |     1 |     6 |     4 ||    12
    Use: Potion            |       |       |       |     1 |       |     1 ||     2
  Dodge: Dodged            |       |       |       |       |     1 |       ||     1

Table legend: (Time is in decaauts)
 A = Elapsed time spent in this place.
 B = Non-inter-level travel time spent in this place.
 C = Inter-level travel time spent in this place.
 D = Time resting spent in this place.
 E = Time spent auto-exploring this place.
 F = Levels seen in this place.
 G = Mean time per level.
                   A        B        C        D        E       F      G
               +--------+--------+--------+--------+--------+-----+--------+
         Total |     17 |     17 |      0 |      0 |      0 |   1 |   17.0 |
       Dungeon |     17 |     17 |      0 |      0 |      0 |   1 |   17.0 |
               +--------+--------+--------+--------+--------+-----+--------+

Top non-repeatable levels by time:
       D: 17 daAuts
